AoeStats
← taj37taj

Arabia

508692317Analyzed
1v1 RM · 7d ago on Sep 23, 2026· 32m 33s· 2 players
Game mode
Random Map
Map size
Tiny (2 player)
Population
200
Speed
Normal
Resources
Standard
Victory
Conquest
Starting age
Dark Age
Ending age
Imperial Age
RankedLock teamsTeams togetherTeam positionsShared explorationLock speedFull tech treeHidden civsTurbo modeCheats
Victory
Defeat
🇵🇪 Danes · Peru
730
+15
🇦🇺 Poles · Australia
701
-15
taj37taj
10:11 Feudal Age
10:57 Double-Bit Axe
11:41 Loom
13:21 Horse Collar
15:28 Town Watch
16:21 Wheelbarrow
15:34 Man-at-Arms
17:46 Town Watch
18:56 Forging
18:47 Scale Mail Armor
19:45 Forging
22:37 Gold Mining
25:57 Castle Age
26:35 Bloodlines
26:51 Scale Barding Armor
27:40 Chain Mail Armor
27:16 Long Swordsman
31:33 Iron Casting
31:01 Squires
31:49 Fletching
Lord Kashiri
8:26 Loom
11:47 Feudal Age
11:54 Man-at-Arms
20:30 Castle Age
19:45 Double-Bit Axe
23:47 Forging
23:38 Scale Mail Armor
30:24 Chain Mail Armor
32:14 Bow Saw
Connection lost

Rejoining the realm…

Still unreachable

The connection could not be restored.

Session expired

The server has moved on; the page needs a fresh start.